AoeStats
← Thomas Sankara

Pilgrims

510142368Analyzed
3v3 RM · 22h ago on Sep 29, 2026· 40m 16s· 6 players
Game mode
Random Map
Map size
Normal (6 player)
Population
200
Speed
Normal
Resources
Standard
Victory
Conquest
Starting age
Dark Age
Ending age
Imperial Age
RankedLock teamsTeams togetherTeam positionsShared explorationLock speedFull tech treeHidden civsTurbo modeCheats
Victory
Defeat
🇨🇿 Celts · Czechia
1566
+12
🇨🇳 Spanish · China
1491
+15
🇲🇽 Koreans · Mexico
1467
+16
🇪🇸 Wu · Spain
1553
-17
🇪🇸 Burgundians · Spain
1456
-14
🇪🇸 Franks · Spain
1413
-12
TaToHciego
10:34 Feudal Age
10:41 Loom
11:27 Town Watch
11:57 Double-Bit Axe
12:25 Forging
14:10 Gold Mining
17:37 Castle Age
18:01 Stone Mining
18:34 Bow Saw
23:18 Fishing Lines
24:54 Wheelbarrow
30:14 Horse Collar
32:43 Ballistics
36:21 Imperial Age
35:11 Hand Cart
35:10 Gillnets
35:30 Fletching
36:16 Treadmill Crane
37:14 Stone Shaft Mining
36:56 Clinker Construction
37:00 Careening
37:11 Bodkin Arrow
38:05 Bracer
39:05 Gold Shaft Mining
40:09 Chemistry
39:00 Elite War Wagon
40:17 Conscription
小生怕怕
4:03 Loom
12:08 Feudal Age
15:47 Castle Age
14:41 Double-Bit Axe
14:45 Horse Collar
16:28 Town Watch
16:45 Padded Archer Armor
18:36 Leather Archer Armor
22:39 Bloodlines
22:33 Husbandry
30:55 Gold Mining
31:26 Scale Barding Armor
31:32 Forging
32:06 Wheelbarrow
33:45 Chain Barding Armor
35:34 Heavy Plow
39:03 Bow Saw
39:03 Fishing Lines
Joseph90
3:10 Loom
11:28 Feudal Age
12:08 Double-Bit Axe
13:16 Fishing Lines
18:35 Castle Age
20:19 Medium Warships
22:29 Forging
22:19 Scale Mail Armor
23:03 Bow Saw
25:14 Wheelbarrow
25:09 Gillnets
27:49 Gold Mining
27:49 Stone Mining
30:35 Gold Shaft Mining
30:00 Fletching
31:32 Ballistics
31:52 Hand Cart
31:24 Town Watch
31:30 Horse Collar
37:26 Imperial Age
35:29 Scale Mail Armor
35:25 Bodkin Arrow
36:32 Chain Mail Armor
36:22 Gambesons
36:24 Arson
36:51 Town Patrol
36:34 Pikeman
37:23 Padded Archer Armor
37:59 Iron Casting
38:46 Plate Mail Armor
38:54 Iron Casting
38:43 Heavy Plow
39:56 Conscription
39:31 Stronghold
40:45 Stronghold
TdB.Julitroll
8:06 Loom
10:44 Feudal Age
11:38 Double-Bit Axe
15:15 Fletching
21:15 Castle Age
19:58 Fishing Lines
23:43 Medium Warships
23:27 Gillnets
24:14 Bow Saw
24:17 Bodkin Arrow
24:42 Scale Barding Armor
25:42 Wheelbarrow
24:53 Town Watch
26:54 Hand Cart
32:27 Light Cavalry
33:08 Husbandry
34:08 Chain Barding Armor
35:10 Stone Mining
35:10 Gold Mining
Thomas Sankara
7:39 Loom
9:46 Feudal Age
10:21 Town Watch
14:40 Castle Age
13:39 Double-Bit Axe
13:38 Fishing Lines
14:10 Fletching
21:29 Red Cliffs Tactics
23:28 Bodkin Arrow
35:15 Ballistics
41:59 Imperial Age
TdB.victor2.01
1:36 Double-Bit Axe
8:48 Loom
11:03 Feudal Age
10:47 Gold Mining
16:19 Bow Saw
21:28 Wheelbarrow
21:31 Wheelbarrow
25:09 Castle Age
26:42 Fishing Lines
27:03 Horse Collar
26:45 Elite Skirmisher
27:56 Fletching
28:56 Bodkin Arrow
30:26 Ballistics
38:42 Heavy Plow
Connection lost

Rejoining the realm…

Still unreachable

The connection could not be restored.

Session expired

The server has moved on; the page needs a fresh start.